 Dungeon Crawl Stone Soup version 0.20.1-1-g8b1a95d (webtiles) character file.

15081 panicbit the Cleaver (level 11, -7/99 HPs)
             Began as a Minotaur Fighter on July 5, 2017.
             Was a High Priest of Okawaru.
             Mangled by a gargoyle
             ... wielding a +0 mace
              (10 damage)
             ... on level 12 of the Dungeon.
             The game lasted 00:37:39 (9421 turns).

panicbit the Cleaver (Minotaur Fighter)             Turns: 9421, Time: 00:37:40

Health: -7/99      AC: 18    Str: 35    XL:     11   Next: 97%
Magic:  11/11      EV: 11    Int:  5    God:    Okawaru [*****.]
Gold:   462        SH: 14    Dex: 15    Spells: 10/10 levels left

rFire    + . .     SeeInvis .   a - +0 war axe
rCold    . . .     Gourm    .   c - +0 shield
rNeg     . . .     Faith    .   L - +2 chain mail {rF+}
rPois    .         Spirit   .   (helmet restricted)
rElec    .         Reflect  .   F - +0 cloak
rCorr    .         Harm     .   (no gloves)
MR       .....                  A - +0 pair of boots
Stlth    ..........             B - amulet "Xar Wafoitwo" {Inacc Str+9 Stlth+}
Regen    0.3/turn               j - +2 ring of dexterity
MPRegen  0.2/turn               h - +2 ring of protection

@: mighty
A: retaliatory headbutt, horns 2
a: Heroism, Finesse, Renounce Religion


You were on level 12 of the Dungeon.
You worshipped Okawaru.
Okawaru was extremely pleased with you.
You were hungry.

You visited 2 branches of the dungeon, and saw 13 of its levels.
You also visited: Sewer and Ossuary.

You collected 882 gold pieces.
You spent 420 gold pieces at shops.

Inventory:

Hand Weapons
 a - a +0 war axe (weapon)
 O - a +0 flail
Armour
 c - a +0 shield (worn)
 x - a +0 plate armour
 A - a +0 pair of boots (worn)
 F - a +0 cloak (worn)
 L - a +2 chain mail of fire resistance (worn)
Jewellery
 h - a +2 ring of protection (right hand)
 j - a +2 ring of dexterity (left hand)
 B - the amulet "Xar Wafoitwo" (around neck) {Inacc Str+9 Stlth+}
   (You found it on level 6 of the Dungeon)

   [amulet of inaccuracy]

   It reduces the accuracy of all your attacks.
   It affects your strength (+9).
   It makes you more stealthy.
 C - an uncursed ring of teleportation
 J - an uncursed amulet of guardian spirit
Wands
 s - a wand of polymorph (8/24)
 I - a wand of disintegration (16/24)
 K - a wand of flame (19/48)
 M - a wand of random effects (27/48)
 N - a wand of random effects (14/48)
 P - a wand of iceblast (6/15)
Scrolls
 b - a scroll of brand weapon {unknown}
 e - 2 scrolls of random uselessness {unknown}
 g - 2 scrolls of magic mapping {unknown}
 k - 2 scrolls of remove curse
 l - 4 scrolls of enchant armour
 m - 7 scrolls of teleportation
 n - 4 scrolls of recharging {unknown}
 p - 5 scrolls of identify
 q - a scroll of noise {unknown}
 v - a scroll of immolation {unknown}
 y - a scroll of blinking {unknown}
 E - a scroll of enchant weapon {unknown}
Potions
 i - 2 potions of haste {unknown}
 o - 12 potions of curing
 t - 3 potions of flight {unknown}
 u - 2 potions of brilliance {unknown}
 w - a potion of resistance {unknown}
 z - a potion of mutation {unknown}
 D - 5 potions of heal wounds
 Q - a potion of magic {unknown}
Comestibles
 f - 10 bread rations
 r - 5 meat rations
 G - 6 royal jellies


   Skills:
 + Level 9.8 Fighting
 + Level 14.6 Axes
 + Level 10.0 Armour
 + Level 3.6 Dodging
 + Level 0.6 Stealth
 + Level 11.1 Shields
 + Level 2.3 Unarmed Combat
 + Level 2.1 Invocations


You had 10 spell levels left.
You didn't know any spells.

Dungeon Overview and Level Annotations

Branches:
Dungeon (12/15)            Temple (1/1) D:5            Lair (0/6) D:11
    Orc: D:9-12

Altars:
Ashenzari
Cheibriados
Dithmenos
Elyvilon
Fedhas
Gozag
Hepliaklqana
Kikubaaqudgha
Makhleb
Okawaru
Qazlal
Ru
Sif Muna
Trog
Uskayaw
Vehumet
Yredelemnul
Zin
The Shining One
Lugonu

Shops:
D:11 ![*


Innate Abilities, Weirdness & Mutations

You reflexively headbutt those who attack you in melee.
You have a pair of horns on your head.


Message History

The gargoyle is heavily damaged.
You hit the gargoyle but do no damage.
The gargoyle is heavily damaged.
You block the gargoyle's attack.
You hit the gargoyle but do no damage.
The gargoyle is heavily damaged.
You closely miss the gargoyle.
You headbutt the gargoyle, but do no damage.
The gargoyle is heavily damaged.
You block the gargoyle's attack.
You barely miss the gargoyle. You headbutt the gargoyle.
The gargoyle is severely damaged.
You block the gargoyle's attack.
You hit the gargoyle but do no damage.
You headbutt the gargoyle, but do no damage.
The gargoyle is severely damaged.
You hit the gargoyle but do no damage.
The gargoyle is severely damaged.
The gargoyle hits you with a mace!
You die...

.>.... ...... #
......# ..
....... ###.
[......##..( ..
..........#.....
####....9...^..#
#.....†@###...#
#.##..[)†....#
............?...
....)...#..###..
..........##
.........##
.....$...
....<.?..#
.......


You could see a gargoyle.

Vanquished Creatures
  Snorg (D:11)
  6 two-headed ogres
  The ghost of Frank the Basher, a novice GrFi of the Shining One (D:7)
  An ugly thing (D:12)
  Maurice (D:10)
  Joseph (D:10)
  A gargoyle (D:10)
  A troll (D:12)
  The ghost of Quirk the Chopper, an amateur DsFi of Okawaru (D:5)
  2 slime creatures
  A spriggan (D:11)
  5 yaks
  A hungry ghost (D:7)
  Grum (D:10)
  2 vampire mosquitoes (D:12)
  2 porcupines (D:11)
  3 sky beasts
  4 black bears
  7 orc warriors
  3 ice beasts
  2 necrophages
  3 phantoms
  3 ogres
  3 wolves (D:10)
  3 centaurs
  4 big kobolds
  A wyvern zombie (D:12)
  2 elf zombies (Ossuary)
  8 bullfrogs
  A wyvern skeleton (D:6)
  3 scorpions
  A water moccasin skeleton (D:11)
  7 wights
  A howler monkey (D:4)
  4 crimson imps
  A quasit (D:11)
  A bullfrog zombie (D:7)
  A centaur zombie (Ossuary)
  5 orc priests
  2 human zombies (Ossuary)
  9 jellies
  A gnoll shaman (D:6)
  7 hounds
  4 orc wizards
  An iguana (D:9)
  A bullfrog skeleton (D:12)
  4 centaur skeletons
  9 worker ants
  3 big kobold zombies (Ossuary)
  3 mummies (Ossuary)
  A worker ant zombie (D:11)
  13 adders
  9 gnolls (D:6)
  A howler monkey skeleton (D:5)
  2 river rats (Sewer)
  3 oozes (D:6)
  5 adder zombies
  3 adder skeletons
  4 worms
  2 dart slugs
  6 leopard geckos
  32 orcs
  8 giant cockroaches
  9 goblins
  12 hobgoblins
  7 jackals
  2 quokkas
  A ball python (D:1)
  A ball python skeleton (D:4)
  7 bats
  2 frilled lizards
  4 gnoll zombies (Ossuary)
  3 goblin zombies
  3 hobgoblin zombies (Ossuary)
  2 jackal zombies (Ossuary)
  13 kobolds
  7 kobold zombies (Ossuary)
  An orc zombie (Ossuary)
  3 quokka zombies
  12 rats
  3 rat zombies (Ossuary)
  2 fungi (D:11)
  A plant (D:11)
327 creatures vanquished.

Vanquished Creatures (others)
  2 fungi (D:6)
  12 toadstools
14 creatures vanquished.

Grand Total: 341 creatures vanquished

Notes
Turn   | Place    | Note
-------+----------+-------------------------------------------
     0 | D:1      | panicbit the Minotaur Fighter began the quest for the Orb.
     0 | D:1      | Reached XP level 1. HP: 19/19 MP: 0/0
    96 | D:1      | Reached XP level 2. HP: 27/27 MP: 1/1
   399 | D:2      | Reached XP level 3. HP: 33/33 MP: 2/2
   442 | D:2      | Reached skill level 3 in Axes
   462 | D:2      | Found a faded altar of an unknown god.
   710 | D:2      | Reached XP level 4. HP: 40/40 MP: 3/3
  1186 | D:3      | Reached skill level 1 in Dodging
  1197 | D:3      | Found a blossoming altar of Fedhas.
  1230 | D:3      | Found a glowing drain.
  1261 | Sewer    | Entered a sewer
  1393 | Sewer    | Noticed a big kobold
  1406 | Sewer    | Reached XP level 5. HP: 43/47 MP: 4/4
  1410 | Sewer    | Reached skill level 4 in Axes
  1410 | Sewer    | Reached skill level 5 in Shields
  1431 | Sewer    | Found a white marble altar of Elyvilon.
  2229 | D:4      | Found a sacrificial altar of Ru.
  2236 | D:4      | Found a shattered altar of Ashenzari.
  2243 | D:4      | Found a glowing golden altar of the Shining One.
  2250 | D:4      | Found a radiant altar of Vehumet.
  2257 | D:4      | Found an ancient bone altar of Kikubaaqudgha.
  2262 | D:4      | Found a burning altar of Makhleb.
  2273 | D:4      | Found a bloodstained altar of Trog.
  2274 | D:4      | Reached XP level 6. HP: 53/53 MP: 5/5
  2394 | D:4      | Reached skill level 5 in Axes
  2394 | D:4      | Reached skill level 5 in Armour
  2616 | D:5      | Entered Level 5 of the Dungeon
  2661 | D:5      | Noticed Quirk's ghost (amateur DsFi)
  3021 | D:5      | Found a staircase to the Ecumenical Temple.
  3031 | Temple   | Entered the Ecumenical Temple
  3047 | Temple   | Became a worshipper of Warmaster Okawaru
  3217 | D:5      | Reached skill level 6 in Axes
  3217 | D:5      | Reached XP level 7. HP: 36/60 MP: 6/6
  3369 | D:5      | Reached skill level 5 in Fighting
  3441 | D:5      | Killed Quirk's ghost
  3441 | D:5      | Reached * piety under Okawaru
  3775 | D:6      | Reached skill level 7 in Axes
  3775 | D:6      | Reached XP level 8. HP: 16/69 MP: 4/7
  4226 | D:6      | Reached skill level 8 in Axes
  4257 | D:6      | Noticed a slime creature
  4257 | D:6      | Noticed a slime creature
  4265 | D:6      | Killed a slime creature
  4265 | D:6      | Reached ** piety under Okawaru
  4265 | D:6      | Reached skill level 9 in Axes
  4315 | D:5      | Killed a slime creature
  4620 | D:6      | Reached XP level 9. HP: 69/77 MP: 8/8
  4669 | D:6      | Reached skill level 1 in Invocations
  4740 | D:6      | Reached skill level 10 in Axes
  4974 | D:6      | Got a transparent platinum amulet
  4975 | D:6      | Identified the amulet "Xar Wafoitwo" {Inacc Str+9 Stlth+} (You found it on level 6 of the Dungeon)
  5117 | D:7      | Reached *** piety under Okawaru
  5438 | D:7      | Noticed Frank's ghost (novice GrFi)
  5448 | D:7      | Killed Frank's ghost
  5448 | D:7      | Received a gift from Okawaru
  5448 | D:7      | Reached skill level 11 in Axes
  5461 | D:7      | HP: 2/79 [orc priest/divine providence (17)]
  5591 | D:7      | Found a sand-covered staircase.
  5607 | Ossuary  | Entered an ossuary
  5936 | Ossuary  | Reached **** piety under Okawaru
  5936 | Ossuary  | Reached XP level 10. HP: 86/86 MP: 9/9
  6461 | D:8      | Found a basalt altar of Yredelemnul.
  6701 | D:8      | Found an opulent altar of Gozag.
  6911 | D:9      | Noticed a two-headed ogre
  6920 | D:9      | Killed a two-headed ogre
  6920 | D:9      | Reached skill level 12 in Axes
  7301 | D:9      | Found a snail-covered altar of Cheibriados.
  7741 | D:10     | Entered Level 10 of the Dungeon
  7749 | D:10     | Noticed Maurice
  7781 | D:10     | Killed Maurice
  7806 | D:10     | Reached skill level 1 in Unarmed Combat
  7933 | D:10     | Noticed a gargoyle
  7940 | D:10     | Killed a gargoyle
  8023 | D:10     | Noticed Grum
  8030 | D:10     | Killed Grum
  8036 | D:10     | Reached ***** piety under Okawaru
  8068 | D:10     | Noticed a two-headed ogre
  8076 | D:10     | Killed a two-headed ogre
  8076 | D:10     | Received a gift from Okawaru
  8076 | D:10     | Reached skill level 13 in Axes
  8212 | D:10     | Reached XP level 11. HP: 94/95 MP: 11/11
  8266 | D:10     | Noticed a two-headed ogre
  8274 | D:10     | Killed a two-headed ogre
  8274 | D:10     | Reached skill level 10 in Shields
  8280 | D:10     | Noticed a two-headed ogre
  8288 | D:10     | Killed a two-headed ogre
  8301 | D:10     | Noticed Joseph
  8326 | D:10     | Killed Joseph
  8563 | D:11     | Found Xiroror's Assorted Antiques.
  8566 | D:11     | Noticed a two-headed ogre
  8575 | D:11     | Killed a two-headed ogre
  8595 | D:11     | Found Tetufub's Antique Armour Shoppe.
  8595 | D:11     | Found Tarchun's Distillery.
  8789 | D:11     | Found a staircase to the Lair.
  8850 | D:11     | Bought a potion of heal wounds for 70 gold pieces
  8850 | D:11     | Bought a potion of heal wounds for 70 gold pieces
  8850 | D:11     | Bought a potion of curing for 42 gold pieces
  8850 | D:11     | Bought 2 potions of heal wounds for 140 gold pieces
  8850 | D:11     | Bought a potion of curing for 42 gold pieces
  8850 | D:11     | Bought a potion of might for 56 gold pieces
  9039 | D:12     | Noticed Snorg
  9045 | D:12     | Noticed a red ugly thing
  9046 | D:12     | Noticed a two-headed ogre
  9059 | D:11     | Killed Snorg
  9059 | D:11     | Reached skill level 14 in Axes
  9408 | D:12     | Killed a red ugly thing
  9408 | D:12     | Reached skill level 10 in Armour
  9412 | D:12     | HP: 1/99 [two-headed ogre/giant club (9)]
  9413 | D:12     | Killed a two-headed ogre
  9421 | D:12     | Mangled by a gargoyle

Skill      XL: |  1  2  3  4  5  6  7  8  9 10 11 |
---------------+----------------------------------+-----
Fighting       | 4 5 6 7 8 9 |  9.8
Armour         | 4 5 6 8 9 10 | 10.0
Shields        | 4 5 6 7 8 9 11 | 11.1
Axes           | 3 4 6 7 9 11 13 14 | 14.6
Dodging        | 1 2 3 |  3.6
Invocations    | 1 2 |  2.1
Unarmed Combat | 2 |  2.3
Stealth        | |  0.6

Action                   |  1- 3 |  4- 6 |  7- 9 | 10-12 || total
-------------------------+-------+-------+-------+-------++-------
Melee: War axe           |    80 |   180 |   354 |   382 ||   996
       Headbutt          |    17 |    35 |    87 |   105 ||   244
       Unarmed           |       |       |       |    19 ||    19
Invok: Heroism           |       |       |     6 |     7 ||    13
  Use: Scroll            |       |       |     2 |     6 ||     8
       Potion            |       |       |     2 |     2 ||     4
  Eat: Chunk             |       |     7 |     5 |     7 ||    19
       Royal jelly       |       |       |     1 |       ||     1
       Meat ration       |       |       |     2 |       ||     2
Armor: Scale mail        |    44 |    66 |       |       ||   110
       Plate armour      |       |    40 |   155 |    54 ||   249
       Skin              |       |       |       |     5 ||     5
       Chain mail        |       |       |       |    68 ||    68
Dodge: Dodged            |    24 |    67 |    71 |   123 ||   285
Block: Shield            |    39 |   129 |   194 |   249 ||   611
